 Dungeon Crawl Stone Soup version 0.17-a0-1621-gfc7a675 (webtiles) character file.

25 MiaIshata the Conjurer (level 3, 0/16 HPs)
             Began as a Vine Stalker Conjurer on Aug 2, 2015.
             Slain by a bat (1 damage)
             ... on level 2 of the Dungeon.
             The game lasted 00:14:37 (1668 turns).

MiaIshata the Conjurer (Vine Stalker Conjurer)      Turns: 1668, Time: 00:14:37

Health: 0/16       AC:  2    Str: 10    XL:     3   Next: 6%
Magic:  0/7        EV: 12    Int: 22    God:
Gold:   44         SH:  0    Dex: 14    Spells: 2 memorised, 3 levels left

rFire  . . .     SeeInvis .     (no weapon)
rCold  . . .     Clarity  .     a - +0 robe
rNeg   . . .     SustAt   .     (no shield)
rPois  +         Gourm    .     (no helmet)
rElec  .         Spirit   +     (no cloak)
rCorr  .         Warding  .     (no gloves)
rMut   .         Stasis   .     (no boots)
MR     .....                    (no amulet)
Stlth  ++........               h - ring of poison resistance
                                e - +6 ring of intelligence

@: not resistant to hostile enchantments, unstealthy
A: fangs 2, regeneration 1, magic shield, antimagic bite, no device heal 3, rot
immunity
a: no special abilities


You were on level 2 of the Dungeon.
You were not hungry.

You visited 1 branch of the dungeon, and saw 2 of its levels.

You collected 44 gold pieces.

Inventory:

Armour
 a - a +0 robe (worn)
Jewellery
 e - a +6 ring of intelligence (left hand)
 h - a ring of poison resistance (right hand)
Scrolls
 f - a scroll of identify
Potions
 g - a potion of curing
Books
 b - a book of Conjurations

   Spells                             Type                      Level
   a - Magic Dart                     Conjuration                  1
   b - Searing Ray                    Conjuration                  2
   c - Dazzling Spray                 Conjuration/Hexes            3
   d - Fulminant Prism                Conjuration/Hexes            4
   e - Iskenderun's Mystic Blast      Conjuration                  4
   f - Iskenderun's Battlesphere      Conjuration/Charms           5
Comestibles
 c - 2 bread rations
 d - a meat ration


   Skills:
 + Level 1.9 Dodging
 + Level 2.9 Stealth
 + Level 2.4 Spellcasting
 + Level 4.4 Conjurations


You had 3 spell levels left.
You knew the following spells:

 Your Spells              Type           Power        Failure   Level  Hunger
a - Magic Dart            Conj           ###.         1%          1    None
b - Searing Ray           Conj           ###...       3%          2    ##.....


Dungeon Overview and Level Annotations

Branches:
Dungeon (2/15)

Altars:

Annotations:
D:2 Ijyb


Innate Abilities, Weirdness & Mutations

You have extremely sharp teeth.
Your natural rate of healing is unusually fast.
When hurt, damage is shared between your health and your magic reserves.
Your bite disrupts and absorbs the magic of your enemies.
Potions and wands cannot restore your health.
You are immune to rotting.


Message History

The bat completely misses you.
You hit Ijyb but do no damage. Your bite misses Ijyb.
Ijyb is heavily wounded.
The bat closely misses you. Ijyb hits you.
* * * LOW HITPOINT WARNING * * *
You hit Ijyb.
Ijyb is heavily wounded.
The bat hits you but does no damage. Ijyb closely misses you.
You closely miss Ijyb.
Ijyb is heavily wounded.
The bat hits you but does no damage. Ijyb misses you.
You barely miss Ijyb. Your bite misses Ijyb.
Ijyb is heavily wounded.
The bat hits you.
* * * LOW HITPOINT WARNING * * *
The bat barely misses you. Ijyb hits you.
You hit Ijyb. Your bite misses Ijyb.
Ijyb is heavily wounded.
The bat hits you.
You die...

#.### #.#.##.#
#...#.#.#....##
#...#.#.......###
##...#.###.#.....#
.........g.g..g##
....#..#..#..#g#
###.g......#..#g#
.g......#..#..#g##
####..#....#.ggb@#
g.....#....#.#####
......g....#.g
...8#.#....###
....######## ...8#
....# ...8# ....#


You could see Ijyb, 5 goblins and a bat.

Vanquished Creatures
  A giant gecko (D:1)
  3 bats (D:1)
  4 hobgoblins (D:1)
  5 kobolds (D:1)
  4 giant newts (D:1)
  5 goblins
  2 rats (D:1)
24 creatures vanquished.

Notes
Turn   | Place    | Note
--------------------------------------------------------------
     0 | D:1      | MiaIshata the Vine Stalker Conjurer began the quest for the Orb.
     0 | D:1      | Reached XP level 1. HP: 9/9 MP: 4/4
   651 | D:1      | Reached XP level 2. HP: 13/13 MP: 3/6
  1073 | D:1      | Learned a level 2 spell: Searing Ray
  1410 | D:1      | Reached XP level 3. HP: 16/16 MP: 5/7
  1619 | D:2      | Noticed Ijyb
  1668 | D:2      | Slain by a bat

Vault maps used:
D:1:      dpeg_arrival_round_c, minmay_misc_feat_encased, item_on_display_a
D:2:      kennysheep_the_goblin_king, nicolae_qazlal_style_of_elements

Action                   || total
-------------------------++-------
Melee: Unarmed           ||     9
 Cast: Magic Dart        ||    38
       Searing Ray       ||     6
  Use: Scroll            ||     5
       Potion            ||     2
  Eat: Fruit             ||     3
